 Dungeon Crawl Stone Soup version 0.29.1-15-g9cfb28693d (webtiles) character file.

Game seed: 16116711142351466282

198 firemarshallily the Covert (level 5, -7/49 HPs)
             Began as a Naga Brigand on Mar 12, 2023.
             Mangled by a mummy (12 damage)
             ... in an ossuary.
             The game lasted 00:09:12 (3420 turns).

firemarshallily the Covert (Naga Brigand)           Turns: 3420, Time: 00:09:12

Health: -7/49      AC:  3    Str: 13      XL:     5   Next: 76%
Magic:  0/5        EV:  9    Int:  9 (11) God:
Gold:   105        SH:  0    Dex: 14 (15) Spells: 4/4 levels left

rFire   . . .      SeeInvis +   a - +2 dagger
rCold   . . .      Faith    .   (no shield)
rNeg    . . .      Spirit   +   b - +0 robe
rPois   +          Reflect  .   (no helmet)
rElec   .          Harm     .   c - +0 cloak
rCorr   .          Rampage  .   (no gloves)
Will    .....                   (no barding)
Stlth   ++++......              m - amulet of guardian spirit
HPRegen 0.16/turn               (no ring)
MPRegen 0.09/turn               (no ring)

@: very slow
A: AC +1, large, see invisible, deformed body, poison resistance, slowness 2,
spit poison 1, naga tail 1
a: Spit Poison


You were in an ossuary.
You visited 1 branch of the dungeon, and saw 4 of its levels.
You also visited: Ossuary.

You collected 105 gold pieces.

Inventory:

Hand Weapons
 a - a +2 dagger (weapon)
 f - a +1 dagger of venom
Missiles
 d - 9 poisoned darts
 e - 8 curare-tipped darts
Armour
 b - a +0 robe (worn)
 c - a +0 cloak (worn)
Jewellery
 m - an amulet of guardian spirit (around neck)
Wands
 i - a wand of mindburst (8)
Scrolls
 g - 2 scrolls of teleportation
 j - a scroll of butterflies
 n - a scroll of amnesia {unknown}
 q - a scroll of poison {unknown}
Potions
 l - a potion of haste
 o - a potion of flight


   Skills:
 + Level 3.0 Fighting
 * Level 4.0 Short Blades
 - Level 1.7 Throwing
 - Level 0.7 Dodging
 * Level 8.0 Stealth


You had 4 spell levels left.
You didn't know any spells.
Your spell library contained the following spells:

 Spells                   Type           Power      Damage    Failure   Level
 Foxfire                  Conj/Fire      0%         2x1d4     38%         1
 Freeze                   Ice            0%         1d3       38%         1
 Magic Dart               Conj           0%         1d3       38%         1
 Shock                    Conj/Air       0%         1d3       38%         1
 Searing Ray              Conj           0%         2d4       52%         2
 Gell's Gravitas          Tloc           0%         N/A       77%         3
 Lesser Beckoning         Tloc           0%         N/A       77%         3
 Teleport Other           Tloc           0%         N/A       77%         3
 Fulminant Prism          Conj/Hex       0%         3d6       99%         4


Dungeon Overview and Level Annotations

Branches:
Dungeon (4/15)            Ossuary (1/1)
 Temple: D:4-7

Altars:
Ashenzari

Annotations:
D:3 robin probably!


Innate Abilities, Weirdness & Mutations

Your serpentine skin is tough. (AC +1)
You have supernaturally acute eyesight. (SInv)
Armour fits poorly on your strangely shaped body.
Your system is resistant to poisons. (rPois)
You cover ground very slowly.
You can spit poison.
You have a snake-like lower body.


Message History

The mummy hits you!
You hit the mummy.
You destroy the mummy!
The mummy hits you!!
* * * LOW HITPOINT WARNING * * *
You feel your strength returning.
Your Short Blades skill increases to level 4!
Your Stealth skill increases to level 8!
You are confused.
You feel invigorated. The mummy hits you!
* * * LOW HITPOINT WARNING * * *
You barely miss the mummy.
You bump into the stone wall.
The mummy hits you!
* * * LOW HITPOINT WARNING * * *
You hit the mummy.
The mummy is moderately damaged.
You hit the mummy but do no damage.
The mummy is moderately damaged.
You feel less invigorated.
You feel less confused.
You hit the mummy.
The mummy is moderately damaged.
The mummy hits you but does no damage.
You hit the mummy.
The mummy is moderately damaged.
You hit the mummy.
The mummy is heavily damaged.
The mummy closely misses you.
You hit the mummy.
The mummy is heavily damaged.
You barely miss the mummy.
The mummy is heavily damaged.
The mummy hits you!
* * * LOW HITPOINT WARNING * * *
You hit the mummy but do no damage.
The mummy is heavily damaged.
You hit the mummy.
The mummy is severely damaged.
The mummy hits you!
You die...

#....#
#....#
#....#
#....#
#....#
#....#
#....#
#..M.#
#.@∩.#
######


You could see a mummy.

Vanquished Creatures
  A hound (D:4)
  An orc priest (D:4)
  An orc wizard (D:3)
  A mummy (Ossuary)
  An adder (D:2)
  4 worms
  2 dart slugs
  5 orcs
  9 ball pythons
  6 bats
  8 endoplasms
  A giant cockroach (D:1)
  7 goblins
  4 hobgoblins
  2 jackals (D:1)
  5 kobolds
  3 quokkas
  3 frilled lizards
  A gnoll zombie (Ossuary)
  2 hobgoblin zombies (Ossuary)
  A kobold zombie (Ossuary)
  3 orc zombies (Ossuary)
  6 rats
77 creatures vanquished.

Notes
Turn   | Place    | Note
-------+----------+-------------------------------------------
     0 | D:1      | firemarshallily the Naga Brigand began the quest for the
                  | Orb.
     0 | D:1      | Reached XP level 1. HP: 19/19 MP: 1/1
    26 | D:1      | Reached skill level 6 in Stealth
   144 | D:1      | Reached XP level 2. HP: 25/26 MP: 2/2
   588 | D:1      | Reached XP level 3. HP: 32/32 MP: 3/3
  1774 | D:2      | Reached XP level 4. HP: 40/40 MP: 4/4
  1793 | D:2      | Reached skill level 7 in Stealth
  2570 | D:3      | Found a broken altar of Ashenzari.
  2582 | D:3      | Found a faded altar of an unknown god.
  2585 | D:3      | Got Umoz's Starting Magic
  2881 | D:4      | Reached XP level 5. HP: 46/46 MP: 5/5
  3188 | D:4      | Found a sand-covered staircase.
  3193 | Ossuary  | Entered an ossuary
  3409 | Ossuary  | Reached skill level 8 in Stealth
  3420 | Ossuary  | Mangled by a mummy

Illustrated notes

Levels and vault maps discovered:
D:1:      dpeg_arrival_pond, layout_basic, grunt_decor_mini_mirrors
D:2:      layout_rooms, nicolae_wormholes
D:3:      layout_rooms, cheibrodos_ashenzari_chains,
          shapermc_ecumenical_altar_starsandcircs,
          corexii_item_surrounded_by_moat, kennysheep_jessica_study, uniq_robin
D:4:      layout_loops_ring, lemuel_mausoleum_altar_kikubaaqudgha,
          nicolae_ossuary_entry_false_entrances
Ossuary:  ossuary_tomb_3

Skill      XL: |  1  2  3  4  5 |
---------------+----------------+-----
Stealth        | 6 7 8 |  8.0
Short Blades   | 3 4 |  4.0
Fighting       | 3 |  3.0
Throwing       | |  1.7
Dodging        | |  0.7

Action                   |  1- 3 |  4- 6 || total
-------------------------+-------+-------++-------
Melee: Dagger            |    95 |   129 ||   224
       Punch             |     1 |     3 ||     4
Throw: Dart              |     1 |       ||     1
 Abil: Spit Poison       |    18 |    18 ||    36
Evoke: Wand              |       |     2 ||     2
  Use: Potion            |     4 |     4 ||     8
       Scroll            |     3 |     3 ||     6
 Stab: Sleeping          |    12 |     8 ||    20
Armor: Robe              |    26 |    23 ||    49
Dodge: Dodged            |    28 |    37 ||    65
